 Dungeon Sprint DCSS version 0.30.0-18-gc0e69614cb (webtiles) character file.

Game seed: 791507639458638064

1230 dialectric the Basher (level 8, -5/57 HPs)
             Began as a Gargoyle Fighter on May 23, 2023.
             Slain by a water moccasin (7 damage)
             ... in the Dungeon (Sprint II: "The Violet Keep of Menkaure").
             The game lasted 00:01:50 (130 turns).

dialectric the Basher (Gargoyle Fighter)             Turns: 130, Time: 00:01:50

Health: -5/57      AC: 14    Str: 19    XL:     8   Next: 48%
Magic:  8/8        EV: 10    Int: 10    God:
Gold:   729        SH:  6    Dex:  9    Spells: 7/7 levels left

rFire   x . .        a - +0 flail
rCold   . . .        c - +0 buckler
rNeg    + . .        b - +0 scale mail
rPois   ∞            (no helmet)
rElec   +            (no cloak)
rCorr   .            (no gloves)
SInv    .            (no boots)
Will    .....        (no amulet) Stlth
                     (no ring)
HPRegen 0.00/turn    (no ring)
MPRegen 0.11/turn

%: no teleportation, random rage (3%)
@: inhibited regen
A: sickness immunity, AC +5, negative energy resistance 1, electricity
resistance, torment resistance 1, petrification resistance, berserk 1, clumsy 1,
inhibited regeneration, no potion heal 1, heat vulnerability 1, inability to
read after injury 1
a: no special abilities


You were in the Dungeon.
You visited 1 branch You collected 729 gold pieces.

Inventory:

Hand Weapons
 a - a +0 flail (weapon)
Armour
 b - a +0 scale mail (worn)
 c - a +0 buckler (worn)
Scrolls
 j - a scroll of blinking
Potions
 g - a potion of haste
 h - 2 potions of magic


   Skills:
 + Level 10.3 Fighting
 * Level 10.8 Maces & Flails
 + Level 9.7 Armour
 + Level 1.3 Dodging
 + Level 9.9 Shields


You had 7 spell levels left.
You didn't know any spells.
Your spell library was empty.

Dungeon Overview and Level Annotations

Branches:
Dungeon (1/1)

Altars:

Annotations:
D exclusion: obsidian statue


Innate Abilities, Weirdness & Mutations

You are immune to sickness and miasma.
Your stone body is resilient. (AC +5)
You are immune to poison.
You resist negative energy. (rN+)
You are resistant to electric shocks. (rElec)
You are resistant to unholy torment.
You are immune to petrification.
You sometimes lose your temper in combat.
You are clumsy. (Dex -2)
You do not regenerate when monsters are visible.
Potions are less effective at restoring your health.
You are vulnerable to heat. (rF-)
You occasionally lose the ability to read scrolls when taking damage.


Message History

You block the water moccasin's attack.
Unknown command.
You sock the water moccasin!
The water moccasin is heavily wounded.
The water moccasin completely misses you.
The water moccasin barely misses you.
You hit the water moccasin.
The water moccasin is heavily wounded.
You block the water moccasin's attack.
Unknown command.
You hit the water moccasin but do no damage.
The water moccasin is heavily wounded.
The water moccasin bites you.
* * * LOW HITPOINT WARNING * * *
You hit the water moccasin but do no damage.
The water moccasin is heavily wounded.
The water moccasin barely misses you.
You closely miss the water moccasin.
The water moccasin is heavily wounded.
The water moccasin bites you but does no damage.
You block the water moccasin's attack.
You closely miss the water moccasin.
The water moccasin is heavily wounded.
The water moccasin bites you but does no damage.
You miss the water moccasin.
The water moccasin is heavily wounded.
The water moccasin closely misses you.
Unknown command.
You hit the water moccasin but do no damage.
The water moccasin is heavily wounded.
The water moccasin bites you but does no damage.
You hit the water moccasin.
The water moccasin is severely wounded.
The water moccasin bites you but does no damage.
You closely miss the water moccasin.
The water moccasin is severely wounded.
The water moccasin bites you.
* * * LOW HITPOINT WARNING * * *
The water moccasin bites you!
You die...

+#### .......##
.○°....##
○.8○°...# ...○..
....
##~~#+++#+++##
#~~~..S@.....#
#~~~~.##'##..#
#~~~~##.#.##
#~~~ #..##.#
#~~####..##### #
#~ #.###'###.#
.# #
#..##.##..##..#
#.'.<.†##.'..#
#.##†##..##....#


You could see an obsidian statue and a water moccasin.

Vanquished Creatures
  A merfolk siren (D)
  4 neqoxecs (D)
  Menkaure (D)
  A water moccasin (D)
  4 scorpions (D)
  3 worms (D)
14 creatures vanquished.

Notes
Turn   | Place    | Note
-------+----------+-------------------------------------------
     0 | D        | dialectric the Gargoyle Fighter began the quest for the
                  | Orb.
     0 | D        | Reached XP level 1. HP: 14/14 MP: 1/1
     1 | D        | Noticed a neqoxec
     1 | D        | Noticed a neqoxec
     1 | D        | Noticed a neqoxec
     1 | D        | Noticed a neqoxec
     4 | D        | Gained mutation: You occasionally lose the ability to read
                  | scrolls when taking damage. [a neqoxec]
     5 | D        | Gained mutation: You sometimes lose your temper in combat.
                  | [a neqoxec]
     6 | D        | Killed a neqoxec
     7 | D        | Reached XP level 2. HP: 23/23 MP: 2/2
     7 | D        | Reached XP level 3. HP: 28/28 MP: 3/3
     7 | D        | Reached XP level 4. HP: 32/32 MP: 4/4
     7 | D        | Reached XP level 5. HP: 37/37 MP: 5/5
    16 | D        | Killed a neqoxec
    16 | D        | Gained mutation: You are vulnerable to heat. (rF-) [a
                  | neqoxec]
    17 | D        | Reached skill level 5 in Maces & Flails
    17 | D        | Reached XP level 6. HP: 32/44 MP: 6/6
    20 | D        | Killed a neqoxec
    20 | D        | Gained mutation: You have hidden genetic defects. [a
                  | neqoxec]
    25 | D        | Killed a neqoxec
    26 | D        | Reached XP level 7. HP: 12/51 MP: 7/7
    29 | D        | Gained mutation: You have terrible hidden genetic defects.
                  | [hidden defects]
    43 | D        | Noticed Menkaure
    48 | D        | Gained mutation: You do not regenerate when monsters are
                  | visible. [hidden defects]
    48 | D        | Lost mutation: You have terrible hidden genetic defects.
                  | [hidden defects expressed]
    59 | D        | Killed Menkaure
    60 | D        | Reached skill level 1 in Dodging
    73 | D        | Gained mutation: Potions are less effective at restoring
                  | your health. [hidden defects]
    76 | D        | Noticed a merfolk siren
    87 | D        | Killed a merfolk siren
    88 | D        | Reached skill level 10 in Fighting
    88 | D        | Reached skill level 10 in Maces & Flails
    88 | D        | Reached XP level 8. HP: 10/57 MP: 8/8
    94 | D        | Gained mutation: You are clumsy. (Dex -2) [hidden defects]
    94 | D        | Lost mutation: You have hidden genetic defects. [hidden
                  | defects expressed]
    99 | D        | HP: 1/57 [water moccasin (6)]
   111 | D        | Noticed an obsidian statue
   130 | D        | HP: 2/57 [water moccasin (2)]
   130 | D        | Slain by a water moccasin

Illustrated notes

Levels and vault maps discovered:
D:        the_violet_keep_of_menkaure [sprint2_stairs_cluster_1,
          sprint2_shoproom, sprint2_temple, sprint2_basic_supplies,
          sprint2_obstacle_6, sprint2_obstacle_4, sprint2_obstacle_3,
          sprint2_obstacle_7, sprint2_obstacle_1, sprint2_timed_cluster_1,
          sprint2_smallroom_cluster_1, sprint2_smallroom_final_cluster_1,
          sprint2_transparent_cluster_1, sprint2_second_timed_cluster_1,
          sprint2_sniper_area_1, sprint2_heavy_combat_area_1,
          sprint2_mutation_trap_area_1, sprint2_forest_area_1,
          sprint2_light_combat_area_1, sprint2_behind_water_1,
          sprint2_near_end_vault_1]

Skill      XL: |  1  2  3  4  5  6  7 |
---------------+----------------------+-----
Fighting       | 6 7 9 10 | 10.3
Maces & Flails | 3 5 7 10 | 10.8
Armour         | 6 7 8 9 |  9.7
Shields        | 6 7 8 9 |  9.9
Dodging        | 1 |  1.3

Action                     |  1- 3 |  4- 6 |  7- 9 || total
---------------------------+-------+-------+-------++-------
  Melee: Flail             |     4 |    18 |    61 ||    83
    Use: Potion            |     1 |     1 |     2 ||     4
 Armour: Scale mail        |       |     5 |    21 ||    26
  Dodge: Dodged            |       |     6 |    21 ||    27
  Block: Buckler           |       |     2 |    13 ||    15
